Map: King Sejong Station LE

Players

LiquidTLO (TLO) - Winner!

  • Race: Zerg Zerg
  • League: Grandmaster

soul

  • Race: Terran Terran
  • League: Grandmaster

VOD

Have the link to the VOD?

Description

Time

  • Played on: July 5, 2016, 11:06 a.m.
  • Length: 19:42
Show
View Real Time Build Order
Export as new Build Order

LiquidTLO Zerg - Winner!

Build Orders: Hatch First 

Get SALT Encoding   

  12  0:00  Drone  
  13  0:13  Overlord  
  13  0:17  Drone  
  14  0:31  Drone  
  14  0:32  Drone  
  16  0:36  Drone  
  17  0:52  Hatchery  
  17  0:55  Drone  
  17  0:58  Drone  
  17  1:02  Extractor  
  17  1:13  Spawning Pool  
  17  1:16  Drone  
  17  1:19  Drone  
  18  1:29  Drone  
  19  1:39  Overlord  
  19  2:00  Zergling x2, Queen  
  22  2:02  Metabolic Boost  
  22  2:03  Queen  
  22  2:05  Zergling x2  
  25  2:10  Drone  
  26  2:18  Drone  
  26  2:21  Drone  
  28  2:27  Extractor  
  28  2:29  Drone  
  28  2:31  Zergling x2  
  28  2:36  Zergling x2  
  29  2:37  Queen  
  31  2:47  Overlord, Extractor  
  31  2:49  Zergling x2  
  31  2:50  Zergling x2  
  33  2:55  Drone  
  33  2:57  Extractor  
  34  2:59  Drone  
  34  3:05  Queen  
  35  3:08  Extractor  
  35  3:10  Overlord  
  37  3:13  Drone x2  
  37  3:14  Drone  
  37  3:15  Drone  
  37  3:17  Drone  
  37  3:19  Overlord  
  41  3:21  Extractor  
  41  3:22  Drone  
  41  3:23  Zergling x2  
  43  3:30  Drone  
  45  3:38  Hatchery  
  45  3:39  Drone  
  45  3:40  Drone  
  46  3:43  Drone  
  46  3:45  Drone  
  46  3:47  Drone  
  50  3:48  Drone  
  50  3:50  Drone  
  50  3:53  Drone x2  
  53  3:56  Drone  
  53  4:02  Overlord  
  54  4:05  Baneling Nest, Drone  
  55  4:10  Drone  
  55  4:12  Drone  
  55  4:16  Spine Crawler  
  56  4:17  Drone  
  56  4:19  Extractor  
  56  4:20  Zergling x2, Evolution Chamber  
  56  4:21  Drone  
  56  4:22  Evolution Chamber  
  56  4:23  Drone  
  56  4:25  Drone  
  56  4:30  Zergling x2  
  58  4:33  Zergling x4  
  59  4:39  Drone  
  59  4:40  Drone  
  60  4:45  Zergling x2  
  60  4:46  Zergling x4  
  60  4:49  Drone, Zerg Ground Armor Level 1  
  60  4:50  Extractor, Zergling x2  
  60  4:52  Extractor, Drone x2  
  64  4:53  Drone  
  64  4:56  Drone  
  66  5:07  Overlord x2  
  66  5:11  Overlord  
  66  5:15  Zerg Melee Weapons Level 1  
  66  5:17  Overlord  
  66  5:27  Zergling x4  
  66  5:28  Zergling x4  
  64  5:29  Zergling x2  
  64  5:30  Queen  
  64  5:32  Zergling x4  
  64  5:33  Zergling x2  
  64  5:34  Baneling  
  64  5:35  Baneling  
  67  5:36  Queen  
  67  5:37  Zergling x2  
  67  5:38  Zergling x2  
  67  5:39  Zergling x2  
  67  5:40  Drone, Spore Crawler  
  67  5:41  Zergling x2, Spore Crawler  
  72  5:43  Zergling x2  
  72  5:45  Zergling x2  
  72  5:46  Zergling x2  
  72  5:47  Zergling x2  
  72  5:48  Zergling x4  
  78  5:50  Drone  
  79  6:01  Drone  
  75  6:05  Drone  
  75  6:06  Drone  
  75  6:08  Drone x2  
  75  6:09  Drone  
  75  6:10  Zergling x2, Drone  
  73  6:19  Lair  
  73  6:20  Zergling x6  
  73  6:21  Drone x2  
  73  6:23  Zergling x2  
  79  6:27  Zergling x2  
  79  6:28  Zergling x2  
  79  6:30  Zergling x2  
  80  6:40  Spore Crawler, Drone  
  80  6:46  Drone  
  81  6:48  Drone x2  
  81  6:52  Zergling x2  
  81  6:54  Zergling x2, Drone  
  83  6:56  Drone x2  
  83  6:58  Drone  
  83  6:59  Zergling x2  
  83  7:00  Zergling x2  
  89  7:04  Zergling x2  
  89  7:05  Zergling x2  
  89  7:08  Zergling x4  
  93  7:10  Overlord  
  93  7:11  Extractor, Zergling x4  
  93  7:12  Zergling x2  
  96  7:15  Zergling x2  
  96  7:16  Zerg Ground Armor Level 2, Zerg Melee Weapons Level 2, Spore Crawler  
  96  7:17  Centrifical Hooks, Spore Crawler  
  96  7:19  Zergling x2  
  96  7:22  Drone  
  95  7:23  Drone  
  95  7:25  Drone  
  95  7:29  Drone  
  95  7:30  Drone x2  
  95  7:32  Drone x2  
  95  7:33  Drone  
  95  7:35  Drone  
  96  7:39  Infestation Pit  
  96  7:40  Drone  
  96  7:42  Extractor  
  94  7:44  Drone  
  94  7:45  Drone x2  
  94  7:46  Drone  
  94  7:47  Drone  
  94  7:50  Drone x2  
  94  7:51  Drone  
  98  7:56  Drone x2  
  98  7:57  Zergling x2  
  99  8:03  Zergling x4, Drone  
  93  8:06  Drone  
  93  8:09  Zergling x2  
  93  8:11  Zergling x2  
  94  8:13  Zergling x2  
  94  8:14  Zergling x2  
  94  8:15  Zergling x2  
  94  8:18  Zergling x2  
  97  8:21  Hatchery  
  97  8:24  Hive  
  97  8:26  Pathogen Glands  
  96  8:29  Zergling x4  
  96  8:30  Zergling x2  
  96  8:33  Zergling x2  
  100  8:38  Baneling x5  
  100  8:39  Drone  
  100  8:40  Zergling x2  
  100  8:41  Zergling x2  
  103  8:42  Drone  
  104  8:48  Drone x2  
  106  8:56  Overlord  
  106  8:57  Overlord x2  
  106  8:58  Overlord  
  106  9:01  Overlord  
  106  9:04  Overlord  
  106  9:06  Baneling x3  
  106  9:09  Overlord  
  106  9:10  Overlord  
  106  9:16  Infestor x3  
  106  9:17  Infestor  
  110  9:18  Zergling x2  
  110  9:19  Zergling x4  
  110  9:22  Zergling x2  
  110  9:23  Zergling x4  
  120  9:25  Zergling x4  
  120  9:28  Zergling x4  
  125  9:32  Zergling x2  
  125  9:34  Zergling x4  
  125  9:35  Zergling x2  
  128  9:39  Baneling  
  128  9:43  Zergling x2  
  128  9:44  Ultralisk Cavern  
  126  9:46  Zergling x2  
  126  9:47  Zergling x6  
  126  9:48  Zergling x2  
  126  9:50  Zerg Ground Armor Level 3  
  126  9:52  Zergling x4  
  131  9:55  Zergling x4  
  131  9:56  Zergling x2  
  129  10:00  Zergling x4, Queen  
  129  10:01  Zergling x2  
  129  10:02  Zergling x2  
  129  10:04  Zergling x2  
  129  10:05  Zergling x2  
  129  10:06  Baneling x3  
  133  10:08  Zergling x2  
  133  10:09  Zergling x2  
  133  10:12  Zergling x2  
  133  10:13  Zergling x2  
  133  10:14  Zergling x4  
  139  10:15  Baneling  
  139  10:16  Baneling  
  139  10:19  Zergling x2  
  139  10:20  Zergling x2  
  139  10:23  Zergling x2  
  139  10:25  Zergling x4  
  139  10:26  Zergling x2  
  140  10:29  Zergling x4  
  140  10:30  Zergling x2  
  129  10:38  Zergling x2  
  129  10:39  Zergling x10  
  117  10:47  Chitinous Plating  
  117  10:48  Ultralisk  
  116  10:55  Roach Warren  
  115  10:59  Ultralisk  
  115  11:01  Drone  
  115  11:03  Spore Crawler  
  121  11:12  Ultralisk  
  121  11:17  Zergling x6  
  131  11:18  Zergling x2  
  131  11:19  Drone  
  131  11:21  Zergling x2  
  131  11:22  Baneling x7  
  132  11:32  Zergling x2  
  127  11:34  Ultralisk  
  128  11:42  Ultralisk  
  123  11:50  Zergling x4  
  123  11:52  Zergling x2  
  123  11:53  Zergling x2  
  126  11:56  Roach  
  126  11:57  Roach x3  
  133  12:06  Ultralisk  
  131  12:11  Overlord  
  131  12:14  Drone  
  131  12:17  Ravager x2  
  131  12:18  Roach x2  
  131  12:19  Roach  
  131  12:20  Zergling x2  
  131  12:21  Drone  
  131  12:22  Drone  
  141  12:23  Zergling x2  
  141  12:28  Ravager  
  141  12:29  Ravager  
  143  12:30  Zergling x2, Queen  
  143  12:33  Roach  
  143  12:35  Roach  
  143  12:36  Zergling x2  
  146  12:45  Zergling x2  
  146  12:46  Zergling x2  
  146  12:47  Ravager x2  
  146  12:48  Zergling x6  
  141  12:59  Zergling x2  
  141  13:01  Zergling x6  
  144  13:08  Zergling x2  
  144  13:10  Ultralisk x2  
  144  13:12  Ravager x2  
  155  13:13  Zerg Melee Weapons Level 3, Ravager  
  155  13:14  Zergling x2  
  155  13:18  Zergling x2  
  155  13:19  Zergling x2  
  158  13:20  Zergling x2  
  139  13:27  Zergling x2, Ultralisk  
  139  13:28  Zergling x4  
  139  13:29  Zergling x4  
  139  13:32  Infestor  
  137  13:34  Zergling x2  
  137  13:35  Zergling x2  
  134  13:41  Drone x2  
  134  13:42  Extractor  
  134  13:47  Extractor, Drone x2  
  134  13:48  Ultralisk  
  133  14:01  Ultralisk  
  139  14:03  Drone  
  139  14:05  Zergling x6  
  135  14:12  Zergling x2, Ultralisk  
  135  14:13  Zergling x4  
  135  14:14  Zergling x2  
  135  14:15  Zergling x4  
  135  14:16  Zergling x2  
  145  14:17  Overseer  
  145  14:22  Zergling x2  
  138  14:24  Zergling x2  
  138  14:26  Zergling x4  
  138  14:27  Zergling x2  
  138  14:28  Infestor  
  138  14:29  Zergling x4  
  143  14:32  Zergling x4  
  139  14:40  Ultralisk  
  139  14:45  Zergling x2  
  137  14:46  Zergling x2  
  137  14:48  Zergling x2  
  137  14:49  Zergling x2  
  137  14:50  Infestor  
  137  14:51  Zergling x2  
  137  14:52  Zergling x4  
  144  14:53  Zergling x2  
  131  15:04  Ultralisk  
  131  15:06  Zergling x2  
  134  15:07  Queen  
  136  15:15  Ultralisk  
  140  15:25  Ultralisk  
  140  15:27  Zergling x2  
  147  15:29  Zergling x2  
  147  15:31  Zergling x4  
  147  15:32  Zergling x2  
  147  15:35  Zergling x2  
  143  15:36  Zergling x2  
  143  15:37  Zergling x2  
  143  15:39  Zergling x2  
  145  15:46  Zergling x2  
  145  15:47  Zergling x4  
  145  15:48  Zergling x4  
  145  15:53  Zergling x6  
  145  15:54  Zergling x2  
  145  15:55  Zergling x2  
  144  15:59  Infestor  
  144  16:02  Zergling x2  
  144  16:03  Zergling x4  
  149  16:11  Zergling x2  
  141  16:25  Zergling x2, Hatchery  
  141  16:26  Zergling x2  
  141  16:28  Zergling x4  
  135  16:34  Zergling x2  
  125  16:50  Zergling x4  
  125  16:52  Zergling x2  
  125  16:53  Zergling x2  
  125  16:56  Zergling x2  
  119  17:05  Zergling x2  
  119  17:08  Zergling x2  
  106  17:33  Ultralisk  
  116  17:44  Ultralisk  
  114  17:52  Ultralisk  
  114  17:55  Zergling x2  
  114  17:57  Overseer  
  121  18:03  Ultralisk  
  127  18:12  Ultralisk  
  130  18:20  Baneling x2, Ultralisk  
  130  18:25  Overseer  
  134  18:28  Infestor  
  134  18:29  Zergling x2  
  135  18:39  Ultralisk  
  140  18:47  Zergling x4, Ultralisk  
  145  18:51  Zergling x4  
  147  19:00  Ultralisk  
  152  19:05  Zergling x2  
  152  19:07  Zergling x2  
Show
View Real Time Build Order
Export as new Build Order

soul Terran 

Build Orders: Reaper Expand, Bio Mine 

Get SALT Encoding   

  12  0:00  SCV  
  13  0:12  SCV  
  14  0:17  Supply Depot  
  14  0:25  SCV  
  15  0:38  SCV  
  15  0:40  Barracks  
  16  0:43  Refinery  
  16  0:50  SCV  
  17  1:03  SCV  
  18  1:15  SCV  
  19  1:27  Reaper, Orbital Command  
  20  1:42  Command Center  
  20  1:51  Supply Depot  
  20  1:54  SCV  
  21  1:58  Marine  
  22  2:08  Factory  
  22  2:12  SCV  
  23  2:18  Refinery  
  23  2:23  Barracks Reactor  
  23  2:24  SCV  
  24  2:35  Bunker  
  24  2:37  SCV  
  25  2:53  Starport  
  25  2:59  Orbital Command  
  25  3:00  SCV  
  25  3:03  Marine, Factory Tech Lab  
  27  3:09  Marine  
  28  3:13  SCV  
  29  3:21  Marine  
  29  3:24  Siege Tank  
  29  3:26  SCV  
  34  3:27  SCV  
  34  3:29  Marine  
  35  3:37  Medivac  
  35  3:38  Bunker, SCV  
  35  3:39  Marine, SCV  
  40  3:47  Marine  
  41  3:50  SCV  
  41  3:51  SCV  
  43  3:57  Marine  
  43  4:02  SCV  
  45  4:03  SCV  
  45  4:07  Bunker  
  46  4:11  Marine  
  46  4:14  Marine, SCV  
  46  4:15  SCV  
  50  4:18  Supply Depot  
  50  4:19  Siege Tank  
  50  4:20  Medivac  
  54  4:40  Marine x2, SCV x2  
  58  4:51  Siege Tank  
  58  4:52  Command Center, SCV  
  62  4:54  Supply Depot  
  62  5:05  Refinery x2  
  62  5:08  Supply Depot  
  62  5:15  Marine  
  62  5:16  SCV x2, Liberator x2  
  62  5:17  Supply Depot  
  65  5:28  SCV x2  
  72  5:39  Supply Depot  
  72  5:40  SCV x2  
  73  5:50  Barracks  
  73  5:51  Barracks  
  73  5:52  SCV x2  
  73  5:53  Factory Reactor  
  75  5:58  Marine  
  75  6:02  Liberator x2  
  76  6:04  SCV x2  
  70  6:14  Engineering Bay, Orbital Command  
  70  6:15  Engineering Bay  
  70  6:16  Marine, SCV x2  
  79  6:27  Stimpack  
  79  6:28  SCV x2  
  81  6:34  Marine  
  82  6:40  SCV  
  82  6:41  Factory Tech Lab  
  82  6:43  Barracks Reactor, Terran Infantry Weapons Level 1, Terran Infantry Armor Level 1  
  83  6:49  Marine  
  83  6:53  Marine  
  83  6:54  Marine, Barracks  
  82  6:55  Barracks  
  82  6:58  SCV x2  
  86  7:01  Supply Depot  
  86  7:05  Medivac x2  
  86  7:07  Marine  
  90  7:11  Missile Turret  
  90  7:14  Supply Depot  
  90  7:16  Orbital Command  
  90  7:20  Marine x2  
  92  7:23  SCV  
  92  7:24  Missile Turret  
  92  7:31  Marine x2  
  92  7:32  Marine, SCV  
  96  7:37  SCV  
  96  7:38  Marine x2  
  96  7:41  SCV  
  96  7:43  Barracks Reactor  
  100  7:44  SCV  
  100  7:48  Engineering Bay, Armory  
  100  7:49  Barracks Reactor, Marine x3, SCV  
  102  7:53  SCV  
  102  7:54  Medivac x2  
  103  8:02  Marine  
  103  8:07  Marine  
  103  8:12  SCV x2  
  106  8:13  Refinery x2, Marine, SCV  
  106  8:15  Supply Depot  
  106  8:18  Siege Tank  
  111  8:22  Supply Depot  
  111  8:24  Supply Depot, Medivac  
  111  8:25  SCV  
  114  8:27  Combat Shields  
  114  8:30  Missile Turret x2  
  114  8:31  Marine  
  114  8:32  Bunker, Marine x4  
  119  8:38  Marine  
  119  8:39  Supply Depot, Marine, Marauder  
  119  8:40  Marine  
  124  8:41  Liberator  
  124  8:44  Supply Depot  
  124  8:48  Supply Depot  
  124  8:49  Marine x3, SCV x2  
  124  8:50  SCV  
  124  8:55  Marine x2  
  132  8:56  Marine  
  132  9:00  Marauder  
  132  9:01  SCV x2  
  140  9:07  Marine x5  
  145  9:12  Marine  
  145  9:13  Marine  
  145  9:14  Marine  
  145  9:15  Supply Depot  
  148  9:17  Supply Depot  
  148  9:18  Siege Tank  
  148  9:20  Drilling Claws  
  148  9:24  Marine  
  152  9:25  Marine x3  
  152  9:26  Liberator x2  
  152  9:27  Marine x2  
  152  9:30  Supply Depot, Marine  
  157  9:35  Marine  
  157  9:37  Factory  
  156  9:39  SCV  
  163  9:48  Marine x2  
  163  9:49  Marine  
  168  9:59  Marine x4  
  164  10:04  Terran Infantry Weapons Level 2  
  162  10:14  Thor  
  160  10:17  Terran Infantry Armor Level 2  
  166  10:23  Marine  
  166  10:24  Marauder  
  166  10:26  Medivac x2  
  173  10:29  Marine  
  173  10:30  Marine  
  173  10:33  Marine  
  173  10:34  Marine x2  
  166  10:37  Marine  
  166  10:39  Marine  
  133  10:45  Marauder  
  133  10:46  Marine  
  133  10:47  Marine x2  
  135  10:51  Marine  
  135  10:52  Factory Reactor  
  136  10:59  Barracks  
  136  11:01  Marine, Barracks  
  136  11:02  Marine  
  138  11:04  Marine  
  138  11:06  Marauder  
  140  11:23  Command Center, Widow Mine  
  141  11:28  Marine, Marauder  
  140  11:34  Marine  
  140  11:35  Marine x6  
  140  11:39  Widow Mine  
  147  11:46  Marine  
  128  11:48  Widow Mine  
  128  11:49  Marauder  
  128  11:52  Marine  
  128  11:53  Marine x2  
  128  11:54  Barracks Tech Lab x2  
  135  11:56  Widow Mine  
  135  11:57  Medivac  
  135  12:00  Medivac  
  138  12:05  Marine  
  138  12:08  Widow Mine  
  131  12:10  Marine, Marauder  
  131  12:11  Marine  
  133  12:16  Widow Mine  
  134  12:23  Marine, Marauder  
  134  12:24  Marine, Marauder  
  134  12:25  Widow Mine  
  134  12:26  Marine  
  145  12:32  Marauder, Liberator x2  
  145  12:33  Marine  
  145  12:36  Widow Mine  
  150  12:37  Marine  
  150  12:40  Marine  
  150  12:43  Marine  
  147  12:45  Marine, Marauder, Widow Mine  
  147  12:46  Marauder  
  152  12:53  Marauder, Widow Mine, Orbital Command  
  153  12:59  Marine  
  153  13:00  Marine x2  
  153  13:05  Widow Mine  
  158  13:06  Marauder  
  158  13:07  Marine, Marauder  
  158  13:13  Widow Mine  
  158  13:15  Marauder, Liberator  
  158  13:17  Liberator  
  160  13:22  Widow Mine  
  148  13:28  Marauder x2  
  148  13:29  Marine  
  148  13:31  Marine  
  148  13:32  Marine  
  144  13:36  Marauder  
  141  13:42  Marine  
  141  13:43  Marine x4  
  141  13:47  Marine  
  147  13:49  Marine, Marauder, Widow Mine  
  147  13:50  Marine, Marauder, Widow Mine  
  157  13:57  Marine  
  157  14:00  Marine  
  157  14:01  Marine  
  151  14:10  Marauder  
  151  14:11  Marauder, Widow Mine  
  151  14:14  Marine  
  151  14:15  Marine, Medivac, Marauder  
  155  14:17  Marine, Medivac  
  152  14:26  Marine x5  
  152  14:28  Liberator  
  153  14:32  Marine, Marauder x2  
  153  14:33  Refinery x2, Marine  
  153  14:35  Marine  
  153  14:36  Marine  
  150  14:44  Marine x3  
  146  14:46  Marine x2  
  146  14:47  Medivac  
  146  14:50  Marine  
  146  14:51  Marine  
  145  14:53  Marine x2, Marauder  
  145  14:54  Marine  
  139  15:00  Widow Mine  
  139  15:02  Marine x3  
  139  15:04  Marine x2  
  142  15:08  Marine x2  
  142  15:11  Marine  
  142  15:12  Marauder x2  
  149  15:15  Marauder  
  149  15:17  Medivac  
  149  15:19  Marine  
  149  15:20  Marine  
  150  15:28  Medivac  
  140  15:33  Marauder  
  140  15:34  Marine, Marauder  
  141  15:35  Marine  
  141  15:36  Marauder  
  141  15:38  Widow Mine  
  141  15:41  Liberator  
  141  15:42  Widow Mine  
  143  15:46  Marine  
  143  15:47  Medivac  
  134  15:50  Marine  
  134  15:54  Marauder  
  134  15:56  Marauder  
  138  16:00  Marine  
  138  16:01  Marauder  
  138  16:03  Marine  
  145  16:13  Marine  
  145  16:16  Marauder  
  146  16:19  Widow Mine  
  146  16:21  Orbital Command  
  145  16:27  Widow Mine x2  
  145  16:30  Marine  
  145  16:31  Marauder  
  151  16:37  Marine, Marauder  
  151  16:38  Marauder  
  139  16:47  Orbital Command  
  139  16:53  Marine  
  117  16:54  Marauder  
  117  16:59  Marine, Marauder  
  117  17:00  Marine, Marauder  
  109  17:06  Orbital Command  
  109  17:07  Marine  
  94  17:10  Liberator x2  
  96  17:17  Marine  
  94  17:26  Orbital Command  
  97  17:38  Concussive Shells  
  97  17:43  Marine  
  97  17:44  Marauder  
  100  17:46  Marine, Marauder  
  100  17:47  Marine, Marauder  
  106  17:57  Marine  
  106  18:00  Widow Mine  
  106  18:05  Marauder  
  108  18:08  Marauder  
  108  18:11  Marine  
  106  18:18  Marine, Marauder  
  109  18:21  Marine  
  109  18:26  Marauder  
  112  18:34  Marine, Marauder  
  114  18:40  Marauder  
  113  18:46  Marine  
  113  18:48  Marauder  
  104  18:55  Marauder  
  104  18:59  Marine  
  104  19:01  Marauder  
  100  19:07  Marine  
  100  19:09  Marauder  
  103  19:13  Marine  
  104  19:19  Marine  
  104  19:21  Marine  
Tags
 
Add a new tag
Caveats
  • Supply blocks, unpowered buildings, or Contaminate may cause inaccurate times.
  • Supply counts are checked every 10 seconds.